 Dungeon Crawl Stone Soup version 0.28-a0-239-g68911e0c57 (webtiles) character file.

Game seed: 7759561529163583913

24 Colgate the Scratcher (level 2, 0/14 HPs)
             Began as a Felid Fighter on Aug 23, 2021.
             Slain by a goblin (3 damage)
             ... led by Robin
             ... on level 2 of the Dungeon.
             The game lasted 00:00:54 (1091 turns).

Colgate the Scratcher (Felid Fighter)               Turns: 1091, Time: 00:00:54

Health: 0/14       AC:  1    Str: 12    XL:     2   Next: 79%
Magic:  3/3        EV: 18    Int:  9    God:
Gold:   59         SH:  0    Dex: 15    Spells: 1/1 levels left
                                        Lives:  0   Deaths: 0

rFire   . . .      SeeInvis +     - Unarmed
rCold   . . .      Faith    .   (shield unavailable)
rNeg    . . .      Spirit   .   (armour unavailable)
rPois   .          Reflect  .   (helmet unavailable)
rElec   .          Harm     .   (cloak unavailable)
rCorr   .          Rampage  .   (gloves unavailable)
Will    .....                   (boots unavailable)
Stlth   +.........              (no amulet)
HPRegen 0.04/turn               (no ring)
MPRegen 0.08/turn               (no ring)

@: quick
A: very small, claws 1, fangs 3, see invisible, speed 1, shaggy fur 1, stealthy
paws, no weapons or thrown items, no armour, multi-lived
a: no special abilities


You were on level 2 of the Dungeon.
You visited 1 branch of the dungeon, and saw 2 of its levels.

You collected 59 gold pieces.


Innate Abilities, Weirdness & Mutations

You have sharp claws.
You have razor-sharp teeth.
You have supernaturally acute eyesight. (SInv)
You cover ground quickly. (Speed+)
You are covered in fur. (AC +1)
Your paws help you pounce on unaware monsters.
You are incapable of wielding weapons or throwing items.
You cannot wear armour.
You gain extra lives every three experience levels.


   Skills:
 - Level 3.0 Fighting
 - Level 4.0 Dodging
 + Level 4.9 Unarmed Combat


You had one spell level left.
You didn't know any spells.
Your spell library was empty.

Inventory:

Scrolls
 d - a scroll of fear {unknown}
 g - a scroll of enchant weapon {unknown}
Potions
 a - a potion of might
 b - 2 potions of heal wounds {unknown}
 c - a potion of lignification {unknown}
 e - a potion of brilliance {unknown}
 f - a potion of resistance {unknown}
 h - a potion of ambrosia {unknown}

Dungeon Overview and Level Annotations

Branches:
Dungeon (2/15)

Altars:
Sif Muna

Annotations:
D:2 Robin


Message History

a +0 club; a +0 hunting sling; 23 stones You now have 59 gold pieces (gained 15).
Things that are here:
a +0 club; a +0 hunting sling; 23 stones
Found a stone staircase leading down.
Enter note:
Found a scimitar.
You see here a +0 scimitar.
Found a book of Flames.
A goblin comes into view. It is wielding a +0 dagger.
A hobgoblin comes into view. It is wielding a +0 mace.
A goblin comes into view. It is wielding a +0 dagger.
Robin of the Strong Arm comes into view.
They are wielding a +0 falchion.
The goblin shouts!
You hear a shout! x2 2 goblins come into view.
The hobgoblin shouts!
The goblin shouts! x2
Robin throws the goblin at you!
You see here a book of Flames.
You barely miss the goblin.
The hobgoblin shouts!
The goblin barely misses you.
You closely miss the goblin. The goblin hits you with a +0 dagger.
You closely miss the goblin. Robin throws the goblin at you!
The goblin closely misses you. The goblin hits you with a +0 dagger.
You barely miss the goblin. Your bite misses the goblin. The goblin misses you.
You scratch the goblin.
The goblin is severely wounded.
The goblin misses you. The goblin hits you with a +0 dagger.
The goblin closely misses you.
You barely miss the goblin.
The goblin is severely wounded.
The goblin hits you with a +0 dagger. The goblin completely misses you.
The hobgoblin hits you but does no damage.
Robin roars a battlecry!
The goblins go into a battle-frenzy!
The goblin hits you with a +0 club.
You die...

####### ......g ##
......g#################
..
.....gg@g...............
.....gg############.####
.....g. #.# .......
###.# ....... #...#
....... #.### .......
#.# ####### #.######
##### #.#.....


You could see Robin, 2 hobgoblins and 5 goblins.

Vanquished Creatures
  2 ball pythons
  4 endoplasms
  A giant cockroach (D:1)
  A hobgoblin (D:1)
  A frilled lizard (D:1)
  7 goblins
  2 kobolds
  3 rats
21 creatures vanquished.

Notes
Turn   | Place    | Note
-------+----------+-------------------------------------------
     0 | D:1      | Colgate the Felid Fighter began the quest for the Orb.
     0 | D:1      | Reached XP level 1. HP: 10/10 MP: 2/2
     0 | D:1      | 0 ||| counter = 29
   496 | D:1      | Reached XP level 2. HP: 14/14 MP: 3/3
   714 | D:1      | 714 ||| READING scroll labelled VYEHYPT UPUWN.
   811 | D:2      | Found a shimmering blue altar of Sif Muna.
   885 | D:2      | 885 ||| Stepping ~*~*~tactically~*~*~ (outnumbered).
  1084 | D:2      | Noticed Robin
  1091 | D:2      | HP: 3/14 [goblin[Robin] (1)]
  1091 | D:2      | Slain by a goblin

Levels and vault maps discovered:
D:1:      scummos_arrival_star, layout_rooms, minmay_door_square
D:2:      layout_basic, ebering_ecumenical_altar_sacrificial, basic_altar,
          uniq_robin

Action                   || total
-------------------------++-------
Melee: Unarmed           ||    45
       Bite              ||     2
       Punch             ||     1
  Use: Scroll            ||     1
Armor: Skin              ||     2
Dodge: Dodged            ||    21

Table legend:
 A = Non-vault XP
 B = Vault XP
 C = Vault XP percentage of total XP
 D = Non-vault monster count
 E = Vault monster count
 F = Vault count percentage of total count
                 A         B        C        D         E       F
            +---------+---------+-------+---------+---------+-------
      Total |      27 |       8 |  22.9 |      17 |       4 |  19.0
            +---------+---------+-------+---------+---------+-------
        D:1 |      16 |       0 |   0.0 |      10 |       0 |   0.0
        D:2 |      11 |       8 |  42.1 |       7 |       4 |  36.4
            +---------+---------+-------+---------+---------+-------
